 Dungeon Crawl Stone Soup version 0.20-a0-870-g4070442 (webtiles) character file.

175 FrozenPanda the Skirmisher (level 5, -2/28 HPs)
             Began as a Vine Stalker Chaos Knight on Mar 13, 2017.
             Slain by Natasha (3 damage)
             ... on level 3 of the Dungeon.
             The game lasted 00:04:50 (1877 turns).

FrozenPanda the Skirmisher (VSCK)                   Turns: 1877, Time: 00:04:51

Health: -2/28      AC:  5    Str: 14 (15) XL:     5   Next: 55%
Magic:  0/6        EV: 12    Int: 11 (12) God:    Xom [..*...]
Gold:   165        SH:  0    Dex: 13 (14) Spells: 4/4 levels left

rFire    . . .     SeeInvis .   a - +0 falchion (chaos)
rCold    . . .     Gourm    .   b - +2 leather armour
rNeg     . . .     Faith    .   (no shield)
rPois    .         Spirit   +   (no helmet)
rElec    .         Reflect  .   (no cloak)
rCorr    .         Harm     .   (no gloves)
MR       .....                  (no boots)
Stlth    ++........             (no amulet)
Regen    0.5/turn               (no ring)
MPRegen  0.1/turn               (no ring)

@: lethally poisoned (-2 -> -3)
A: fangs 2, regeneration 1, magic shield, antimagic bite, no potion heal 3, rot
immunity
a: Renounce Religion


You were on level 3 of the Dungeon.
You worshipped Xom.
You were a toy of Xom.
You were not hungry.

You visited 1 branch of the dungeon, and saw 3 of its levels.

You collected 165 gold pieces.

Inventory:

Hand Weapons
 a - a +0 falchion of chaos (weapon)
 u - a +0 dagger of venom
Armour
 b - a +2 leather armour (worn)
Jewellery
 i - an uncursed ring of ice
 t - a cursed amulet of inaccuracy {unknown}
Scrolls
 d - a scroll of remove curse
 g - 2 scrolls of teleportation {unknown}
 k - a scroll of magic mapping {unknown}
 l - 2 scrolls of identify {unknown}
 p - a scroll of enchant weapon {unknown}
 q - a scroll of random uselessness {unknown}
 s - a scroll of recharging
Potions
 h - 2 potions of curing
 m - a potion of degeneration
 n - a potion of flight {unknown}
 o - a potion of resistance {unknown}
 r - a potion of agility {unknown}
Books
 e - a book of Cantrips

   Spells                             Type                      Level
   a - Confusing Touch                Hexes                        1
   b - Animate Skeleton               Necromancy                   1
   c - Summon Small Mammal            Summoning                    1
   d - Apportation                    Translocation                1
Comestibles
 c - 2 bread rations
 f - 11 chunks of flesh
 j - 2 meat rations


   Skills:
 + Level 3.5 Fighting
 + Level 3.3 Long Blades
 + Level 2.4 Armour
 + Level 2.2 Dodging
 + Level 2.2 Stealth


You had 4 spell levels left.
You didn't know any spells.

Dungeon Overview and Level Annotations

Branches:
Dungeon (3/15)

Altars:

Annotations:
D:3 Natasha


Innate Abilities, Weirdness & Mutations

You have extremely sharp teeth.
Your natural rate of healing is unusually fast.
When hurt, damage is shared between your health and your magic reserves.
Your bite disrupts and absorbs the magic of your enemies.
Potions cannot restore your health.
You are immune to rotting.


Message History

A shower of butterflies erupts from you!
The white imp gestures at you. The puff of frost misses you.
You barely miss something. You bite something. You drain its magic.
You feel invigorated. Something barely misses you.
The white imp hits you but does no damage.
You barely miss something. Your bite misses something. Something claws you.
The white imp gestures at you. The puff of frost hits you! Something claws you.
* * * LOW HITPOINT WARNING * * *
It was a potion of degeneration.
There was something very wrong with that liquid.
You feel weakened.
You feel dopey.
You feel clumsy.
Xom roars with laughter!
The white imp shouts, "Give up, thou pottle-deep fool-born vulture!"
The white imp gestures at you. The puff of frost hits you!
* * * LOW HITPOINT WARNING * * *
Something claws you.
You die...

.........##.#..#.# ###.#
.!.......##.#..#.###.#.#
.......... ##.#.....#.#
.........# #...###.#.#
.........# #...# #.#.#
.........######..###....
.............%.....###.#
......{...#........#....
.......@..%........#.#..
....%b.5...........#.###
..#.##.b..######...#..).
# #. #....# #..>..... .
#....# #.#.####. #
#....# #.#...##. #....#
#...#.##. #....#
###.#.##. #...#.##.


You could see a white imp.

Vanquished Creatures
  Jessica (D:3)
  Natasha (D:3)
  4 adders
  2 worms
  2 dart slugs (D:1)
  A leopard gecko (D:2)
  7 orcs (D:3)
  3 giant cockroaches
  6 goblins
  8 hobgoblins
  6 jackals
  2 quokkas
  2 ball pythons
  9 bats
  3 frilled lizards
  8 kobolds
  5 rats
70 creatures vanquished.

Notes
Turn   | Place    | Note
-------+----------+-------------------------------------------
     0 | D:1      | FrozenPanda the Vine Stalker Chaos Knight began the quest for the Orb.
     0 | D:1      | Reached XP level 1. HP: 11/11 MP: 2/2
    23 | D:1      | Reached skill level 1 in Dodging
   122 | D:1      | Reached XP level 2. HP: 15/16 MP: 3/3
   132 | D:1      | XOM: divination: detect items
   137 | D:1      | Reached skill level 1 in Stealth
   500 | D:1      | Reached XP level 3. HP: 19/20 MP: 4/4
   908 | D:2      | XOM: cloud trail
   951 | D:2      | XOM: confuse monster(s)
   990 | D:2      | XOM: enchant monster (bad)
   992 | D:2      | XOM: potion effect (might)
  1095 | D:2      | Gained mutation: Your natural rate of healing is unusually fast. [Vine Stalker growth]
  1095 | D:2      | Reached XP level 4. HP: 23/24 MP: 5/5
  1659 | D:3      | Reached XP level 5. HP: 28/28 MP: 6/6
  1683 | D:3      | Noticed Jessica
  1685 | D:3      | XOM: potion effect (might)
  1686 | D:3      | Killed Jessica
  1813 | D:3      | Noticed Natasha
  1819 | D:3      | Killed Natasha
  1868 | D:3      | Noticed Natasha
  1868 | D:3      | XOM: mild Fire miscast
  1874 | D:3      | XOM: butterfly on damage
  1877 | D:3      | HP: 1/28 [white imp/puff of frost[Natasha] (5)]
  1877 | D:3      | Slain by Natasha

Vault maps used:
D:1:      dpeg_arrival_windows_large_door
D:2:      kennysheep_generic_room_5
D:3:      minmay_wonky_spiral, first_bread, uniq_jessica, uniq_natasha,
          uniq_iyjb, uniq_sigmund

Skill      XL: |  1  2  3  4  5 |
---------------+----------------+-----
Dodging        | 1 2 |  2.2
Stealth        | 1 2 |  2.2
Fighting       | 3 |  3.5
Long Blades    | 3 |  3.3
Armour         | 2 |  2.4

Action                   |  1- 3 |  4- 6 || total
-------------------------+-------+-------++-------
Melee: Falchion          |    89 |    68 ||   157
       Bite              |    19 |    18 ||    37
  Use: Scroll            |     4 |       ||     4
       Potion            |     1 |     1 ||     2
 Stab: Sleeping          |     2 |     4 ||     6
  Eat: Chunk             |     1 |     2 ||     3
Armor: Leather armour    |    31 |    23 ||    54
Dodge: Dodged            |    48 |    39 ||    87
       Rpst.: Falchion   |    11 |     9 ||    20
